 Dungeon Crawl Stone Soup version 0.28.0 (webtiles) character file.

Game seed: 6984014959784247738

327 crazypyro the Chopper (level 6, 0/52 HPs)
             Began as a Hill Orc Berserker on Feb 10, 2022.
             Was a Priest of Trog.
             Slain by a gnoll (3 damage)
             ... on level 4 of the Dungeon.
             The game lasted 00:03:33 (4151 turns).

crazypyro the Chopper (Hill Orc Berserker)          Turns: 4151, Time: 00:03:34

Health: 0/52       AC: 11    Str: 22    XL:     6   Next: 50%
Magic:  6/6        EV:  5    Int:  7    God:    Trog [***...]
Gold:   171        SH:  8    Dex: 10    Spells: 5/5 levels left

rFire   . . .      SeeInvis .   l - +0 war axe (elec)
rCold   . . .      Faith    .   k - +0 kite shield
rNeg    . . .      Spirit   .   j - +0 plate armour
rPois   .          Reflect  .   (no helmet)
rElec   .          Harm     .   (no cloak)
rCorr   .          Rampage  .   (no gloves)
Will    .....                   (no boots)
Stlth   ..........              (no amulet)
HPRegen 0.17/turn               (no ring)
MPRegen 0.10/turn               (no ring)

@: no status effects
A: no striking features
a: Renounce Religion, Berserk, Trog's Hand


You were on level 4 of the Dungeon.
You worshipped Trog.
Trog was most pleased with you.
You visited 1 branch of the dungeon, and saw 4 of its levels.
You also visited: Sewer.

You collected 171 gold pieces.

Inventory:

Hand Weapons
 a - a +0 hand axe
 l - a +0 war axe of electrocution (weapon)
Armour
 b - a +0 animal skin
 d - a +0 ring mail
 j - a +0 plate armour (worn)
 k - a +0 kite shield (worn)
Scrolls
 c - a scroll of identify
 e - a scroll of fear
 i - a scroll of summoning {unknown}
 n - a scroll of teleportation
Potions
 f - 2 potions of mutation {unknown}
 g - a potion of might
 h - a potion of invisibility {unknown}
 m - a potion of cancellation {unknown}
 p - a potion of magic {unknown}
 q - 2 potions of heal wounds {unknown}
 r - 2 potions of brilliance {unknown}


   Skills:
 - Level 4.3 Fighting
 * Level 7.9 Axes
 - Level 2.3 Armour
 - Level 1.6 Dodging
 + Level 3.0 Shields


You had 5 spell levels left.
You didn't know any spells.
Your spell library was empty.

Dungeon Overview and Level Annotations

Branches:
Dungeon (4/15)              Sewer (visited)
 Temple: D:4-7

Altars:
Gozag

Annotations:
D:4 2 transporters, axecop's ghost, novice HOAK


Message History

The gnoll barely misses you.
You closely miss the gnoll.
The gnoll is almost dead.
The gnoll hits you from afar with a +0 spear.
You block the gnoll's attack.
You slash the gnoll!
You kill the gnoll!
Trog accepts your kill.
The gnoll hits you from afar with a +0 spear.
You block the gnoll's attack. The gnoll barely misses you.
The gnoll hits you but does no damage.
Things that are here:
a +0 flail; a +0 whip of flaming; a gnoll corpse You hit the gnoll.
The gnoll is lightly wounded.
The gnoll hits you with a +0 spear. The gnoll barely misses you.
You barely miss the gnoll.
The gnoll is lightly wounded.
You block the gnoll's attack. The gnoll hits you but does no damage.
You barely miss the gnoll.
The gnoll is lightly wounded.
The gnoll hits you but does no damage.
The gnoll hits you from afar with a +0 halberd.
You hit the gnoll but do no damage.
The gnoll is lightly wounded.
The gnoll hits you with a +0 spear! The gnoll hits you but does no damage.
The gnoll hits you from afar with a +0 halberd.
You block the gnoll's attack.
You closely miss the gnoll.
The gnoll is lightly wounded.
The gnoll barely misses you. You block the gnoll's attack.
You barely miss the gnoll.
The gnoll is lightly wounded.
The gnoll hits you with a +0 spear.
* * * LOW HITPOINT WARNING * * *
The gnoll hits you from afar with a +0 halberd!
* * * LOW HITPOINT WARNING * * *
Okay, then.
The gnoll hits you from afar with a +0 spear.
You die...

#.#............#...####..
##...#........##..### ..
... ###.........## ..
#.####..####.... ..
.####......## #####. ..
........#.## ## #.......#
##.....#######
#......gg)@..#
##......#####.....#
........# ###.. ###.....#
#...... #####... #....
#..... #......


You could see 2 gnolls.

Vanquished Creatures
  Pargi (Sewer)
  3 iguanas (D:4)
  5 gnolls
  3 adders
  A worm (D:3)
  3 dart slugs (D:1)
  2 orcs (D:3)
  6 endoplasms
  7 giant cockroaches
  3 goblins
  6 hobgoblins
  8 quokkas
  9 ball pythons
  4 bats
  6 frilled lizards
  6 kobolds
  3 rats
76 creatures vanquished.

Notes
Turn   | Place    | Note
-------+----------+-------------------------------------------
     0 | D:1      | crazypyro the Hill Orc Berserker began the quest for the
                  | Orb.
     0 | D:1      | Reached XP level 1. HP: 19/19 MP: 1/1
   253 | D:1      | Reached XP level 2. HP: 25/27 MP: 2/2
   467 | D:1      | Reached XP level 3. HP: 33/33 MP: 3/3
   547 | D:1      | Reached ** piety under Trog
   634 | D:1      | Reached skill level 5 in Axes
  2544 | D:3      | Reached XP level 4. HP: 37/40 MP: 4/4
  2545 | D:3      | Found a glowing drain.
  2557 | Sewer    | Entered a sewer
  2596 | Sewer    | Noticed Pargi
  2614 | Sewer    | Killed Pargi
  2615 | Sewer    | Reached skill level 6 in Axes
  2615 | Sewer    | Reached XP level 5. HP: 15/46 MP: 5/5
  3078 | D:3      | Reached skill level 7 in Axes
  3534 | D:3      | Found an opulent altar of Gozag.
  3632 | D:3      | Reached XP level 6. HP: 39/52 MP: 6/6
  4037 | D:4      | Noticed axecop's ghost (novice HOAK)
  4046 | D:4      | Found a transporter.
  4068 | D:4      | Found a transporter.
  4143 | D:4      | Reached *** piety under Trog
  4151 | D:4      | Slain by a gnoll

Illustrated notes

Levels and vault maps discovered:
D:1:      lightli_arrival_flooded_house, layout_basic
D:2:      layout_basic, kennysheep_nondescript
D:3:      layout_loops_corners, general_overflow_altar, gup_sewer_entry_pipe
D:4:      layout_rooms, trog_three_pillars_becter, gammafunk_ghost_stat_death,
          uniq_duvessa

Skill      XL: |  1  2  3  4  5  6 |
---------------+-------------------+-----
Fighting       | 4 |  4.3
Axes           | 5 6 7 |  7.9
Shields        | 2 3 |  3.0
Armour         | |  2.3
Dodging        | |  1.6

Action                   |  1- 3 |  4- 6 || total
-------------------------+-------+-------++-------
Melee: Hand axe          |   121 |       ||   121
       War axe           |    17 |   119 ||   136
       Punch             |     1 |       ||     1
  Use: Scroll            |       |     7 ||     7
Armor: Ring mail         |    35 |       ||    35
       Plate armour      |    24 |   112 ||   136
Dodge: Dodged            |    68 |    25 ||    93
Block: Kite shield       |     6 |    53 ||    59
